 Dungeon Crawl Stone Soup version 0.22-a0-877-g5c4e1af (webtiles) character file.

82 prawnwizard the Slasher (level 4, -1/34 HPs)
             Began as a Demonspawn Gladiator on July 29, 2018.
             Killed from afar by Robin (4 damage)
             ... with a wand of flame (37)
             ... on level 3 of the Dungeon.
             The game lasted 00:02:23 (1979 turns).

prawnwizard the Slasher (Demonspawn Gladiator)      Turns: 1979, Time: 00:02:25

Health: -1/34      AC:  4    Str: 16    XL:     4   Next: 21%
Magic:  0/4        EV: 13    Int:  9    God:
Gold:   107        SH:  0    Dex: 14    Spells: 3/3 levels left

rFire    . . .     SeeInvis .   a - +0 long sword
rCold    . . .     Gourm    .   (no shield)
rNeg     . . .     Faith    .   b - +0 leather armour
rPois    .         Spirit   +   c - +0 helmet
rElec    .         Reflect  .   (no cloak)
rCorr    .         Harm     .   (no gloves)
MR       .....                  (no boots)
Stlth    +.........             (no amulet)
HPRegen  0.11/turn              (no ring)
MPRegen  0.09/turn              (no ring)

@: no status effects
A: demonic guardian 1, magic shield
a: no special abilities


You were on level 3 of the Dungeon.
You were hungry.

You visited 1 branch of the dungeon, and saw 3 of its levels.

You collected 107 gold pieces.

Inventory:

Hand Weapons
 a - a +0 long sword (weapon)
Missiles
 d - 3 throwing nets (quivered)
Armour
 b - a +0 leather armour (worn)
 c - a +0 helmet (worn)
 h - a +0 plate armour
Scrolls
 i - a scroll of magic mapping {unknown}
 l - 2 scrolls of teleportation {unknown}
 m - 2 scrolls of identify {unknown}
 o - a scroll of fear {unknown}
 q - 2 scrolls of remove curse {unknown}
Potions
 e - a potion of haste {unknown}
 j - a potion of lignification {unknown}
 k - a potion of mutation {unknown}
 n - a potion of cancellation {unknown}
 p - a potion of brilliance {unknown}
 r - a potion of heal wounds {unknown}
Comestibles
 f - 7 rations


   Skills:
 + Level 2.7 Fighting
 * Level 3.8 Long Blades
 - Level 1.7 Throwing
 + Level 3.2 Dodging


You had 3 spell levels left.
You didn't know any spells.
Your spell library was empty.

Dungeon Overview and Level Annotations

Branches:
Dungeon (3/15)

Altars:
Trog

Annotations:
D:3 Robin


Innate Abilities, Weirdness & Mutations

A weak demonic guardian rushes to your aid.
When hurt, damage is shared between your health and your magic reserves.


Message History

The goblin hits you with an enchanted dagger.
* * * LOW HITPOINT WARNING * * *
You slash the goblin!
You kill the goblin!
The goblin barely misses you. The goblin hits you.
* * * LOW HITPOINT WARNING * * *
The goblin hits you.
* * * LOW HITPOINT WARNING * * *
You hit the goblin.
You kill the goblin!
Robin zaps a wand.
The puff of flame misses you. The goblin closely misses you. x2
You barely miss the goblin.
The goblin is moderately wounded.
The goblin hits you but does no damage. The goblin barely misses you.
You riposte.
You slash the goblin!
You kill the goblin!
You slash Robin!
Robin is heavily wounded.
The goblin closely misses you.
Robin zaps a wand.
The puff of flame hits you!
You die...

. .# ###.###
##....... #.
......... #.
##g.......
..#@).......
#.##g.......
##.##........
##...#))......
#...g.†)...###
#...g<†#####
.<......#...#
..#.#.#..##.#
. #.)....# ..


You could see Robin and a goblin.

Vanquished Creatures
  An ooze (D:2)
  A worm (D:2)
  3 dart slugs
  A ball python (D:2)
  3 giant cockroaches
  14 goblins
  6 hobgoblins
  4 jackals (D:2)
  9 kobolds
  12 bats
  A frilled lizard (D:1)
  5 rats
60 creatures vanquished.

Vanquished Creatures (collateral kills)
  A goblin (D:3)
  2 hobgoblins (D:3)
3 creatures vanquished.

Grand Total: 63 creatures vanquished

Notes
Turn   | Place    | Note
-------+----------+-------------------------------------------
     0 | D:1      | prawnwizard the Demonspawn Gladiator began the quest for the Orb.
     0 | D:1      | Reached XP level 1. HP: 16/16 MP: 1/1
   545 | D:1      | Gained mutation: When hurt, damage is shared between your health and your magic reserves. [demonic ancestry]
   545 | D:1      | Reached XP level 2. HP: 21/22 MP: 2/2
  1114 | D:2      | Gained mutation: A weak demonic guardian rushes to your aid. [demonic ancestry]
  1114 | D:2      | Reached XP level 3. HP: 28/28 MP: 3/3
  1441 | D:2      | Found a bloodstained altar of Trog.
  1648 | D:2      | Reached XP level 4. HP: 34/34 MP: 4/4
  1955 | D:3      | Noticed Robin
  1979 | D:3      | Killed from afar by Robin

Vault maps used:
D:1:      saegor_arrival_under_anarchy, minmay_heptomino_d4
D:2:      lemuel_crystal_altar, serial_curves, eino_curves_02, eino_curves_01,
          minmay_box_of_dots
D:3:      eat_drink_and_be_merry_uskayaw, nicolae_overflow_crystal_walls,
          serial_undead, serial_undead_b, serial_undead_e, serial_undead_d,
          serial_undead_c, portal_sewer_entry_b, nrook_loot_triangle,
          uniq_robin, uniq_grinder, uniq_purgy

Skill      XL: |  1  2 |
---------------+-------+-----
Long Blades    | 3 |  3.8
Dodging        | 3 |  3.2
Fighting       | |  2.7
Throwing       | |  1.7

Action                   |  1- 3 |  4- 6 || total
-------------------------+-------+-------++-------
Melee: Long sword        |   139 |    22 ||   161
 Stab: Sleeping          |     1 |       ||     1
  Eat: Chunk             |     3 |       ||     3
Armor: Leather armour    |    63 |    16 ||    79
Dodge: Dodged            |   120 |    39 ||   159
       Rpst.: Long sword |    27 |     7 ||    34

Table legend:
 A = Spawn XP
 B = Non-spawn XP
 C = Spawn XP percentage of total XP
 D = Spawn monster count
 E = Non-spawn monster count
 F = Spawn count percentage of total count
 G = Total turns spent on level
                    A         B        C        D         E        F      G
               +---------+---------+-------+---------+---------+-------+---------
         Total |       0 |     118 |   0.0 |       0 |      63 |   0.0 |  1979
               +---------+---------+-------+---------+---------+-------+---------
           D:1 |       0 |      39 |   0.0 |       0 |      24 |   0.0 |  1097
           D:2 |       0 |      62 |   0.0 |       0 |      27 |   0.0 |   858
           D:3 |       0 |      17 |   0.0 |       0 |      12 |   0.0 |    24
               +---------+---------+-------+---------+---------+-------+---------
